AoeStats
← 2987052186

Oasis

510161101Analyzed
4v4 RM · 2d ago on Sep 29, 2026· 69m 7s· 8 players
Game mode
Random Map
Map size
Large (8 player)
Population
200
Speed
Normal
Resources
Standard
Victory
Conquest
Starting age
Dark Age
Ending age
Imperial Age
RankedLock teamsTeams togetherTeam positionsShared explorationLock speedFull tech treeHidden civsTurbo modeCheats
Victory
Defeat
🇻🇪 Mongols · Venezuela
1323
+14
🇨🇳 Varangians · China
1304
+15
🇩🇪 Saracens · Germany
1260
+17
🇩🇪 Huns · Germany
1373
-19
🇧🇪 Ethiopians · Belgium
1335
-18
🇩🇪 Danes · Germany
1318
-17
🇳🇱 Italians · Netherlands
1102
-9
$hrimpmaster
4:58 Loom
10:36 Feudal Age
12:04 Double-Bit Axe
14:38 Fletching
22:08 Castle Age
21:33 Padded Archer Armor
21:17 Horse Collar
21:30 Gold Mining
23:01 Bow Saw
22:14 Crossbowman
23:05 Bodkin Arrow
26:11 Ballistics
28:12 Thumb Ring
31:42 Wheelbarrow
31:30 Stone Mining
32:00 Heavy Plow
36:04 Imperial Age
33:57 Leather Archer Armor
34:22 Elite Skirmisher
35:20 Masonry
37:48 Chemistry
36:51 Bracer
36:14 Arbalester
38:28 Two-Man Saw
38:01 Ring Archer Armor
42:06 Light Cavalry
42:57 Bloodlines
42:47 Husbandry
43:13 Hussar
47:30 Hand Cart
47:00 Town Watch
52:42 Forging
52:38 Scale Barding Armor
54:15 Iron Casting
54:24 Scale Mail Armor
54:46 Chain Barding Armor
56:23 Blast Furnace
67:14 Plate Barding Armor
2987052186
6:51 Loom
10:15 Feudal Age
11:07 Double-Bit Axe
13:35 Bloodlines
15:10 Scale Barding Armor
18:57 Horse Collar
23:56 Castle Age
23:16 Gold Mining
24:31 Forging
26:59 Heavy Plow
27:22 Bow Saw
33:36 Wheelbarrow
34:03 Chain Barding Armor
36:24 Iron Casting
40:42 Imperial Age
38:30 Hand Cart
38:31 Vendel Legacy
41:08 Cavalier
41:49 Husbandry
42:15 Caravan
43:09 Plate Barding Armor
44:59 Blast Furnace
44:28 Pikeman
44:32 Elite Varangian Guard
44:35 Pikeman
45:15 Squires
45:01 Arson
45:24 Scale Mail Armor
49:09 Halberdier
51:27 Chain Mail Armor
62:24 Fletching
62:34 Padded Archer Armor
63:05 Plate Mail Armor
64:14 Chemistry
64:07 Ballistics
RagnarLothbrok
8:38 Feudal Age
9:17 Double-Bit Axe
9:32 Loom
16:41 Wheelbarrow
20:00 Castle Age
18:47 Scale Barding Armor
19:26 Bloodlines
21:07 Forging
21:19 Chain Barding Armor
26:46 Bow Saw
31:07 Gold Mining
30:59 Horse Collar
32:50 Iron Casting
32:21 Stone Mining
34:47 Caravan
37:28 Imperial Age
34:57 Fletching
35:34 Bodkin Arrow
36:39 Ballistics
36:31 Heavy Plow
37:25 Town Watch
37:56 Hand Cart
37:51 Padded Archer Armor
37:59 Husbandry
39:23 Chemistry
39:10 Leather Archer Armor
39:37 Conscription
39:39 Bracer
40:10 Thumb Ring
41:00 Parthian Tactics
41:35 Drill
41:25 Light Cavalry
41:51 Onager
42:44 Heavy Camel Rider
43:57 Elite Mangudai
16岁少女在公交车上被11个大汉轮流让座
7:49 Loom
9:57 Feudal Age
10:31 Double-Bit Axe
13:00 Gold Mining
14:13 Horse Collar
17:42 Fletching
22:57 Castle Age
21:28 Padded Archer Armor
23:42 Bodkin Arrow
24:21 Thumb Ring
23:39 Crossbowman
24:53 Bow Saw
24:47 Heavy Plow
29:16 Leather Archer Armor
29:08 Stone Mining
29:54 Gold Shaft Mining
34:31 Imperial Age
33:53 Wheelbarrow
35:14 Ballistics
35:25 Hand Cart
34:38 Arbalester
35:21 Bracer
36:47 Ring Archer Armor
38:20 Chemistry
38:07 Conscription
40:40 Caravan
41:47 Two-Man Saw
41:18 Crop Rotation
41:00 Town Watch
43:02 Town Patrol
54:12 Shield Wall
54:23 Pikeman
55:03 Squires
54:57 Halberdier
59:42 Scale Mail Armor
59:52 Forging
62:36 Chain Mail Armor
62:56 Iron Casting
66:29 Coinage
SlaP
6:35 Loom
8:45 Feudal Age
10:03 Double-Bit Axe
18:37 Castle Age
17:00 Horse Collar
17:13 Gold Mining
17:48 Bloodlines
19:29 Bow Saw
19:31 Scale Barding Armor
23:27 Wheelbarrow
29:58 Hand Cart
29:50 Heavy Plow
32:33 Imperial Age
30:57 Forging
31:59 Gold Shaft Mining
32:37 Chain Barding Armor
32:53 Iron Casting
33:38 Husbandry
32:59 Cavalier
34:15 Plate Barding Armor
34:43 Conscription
35:46 Blast Furnace
35:48 Paladin
41:13 Town Watch
47:47 Light Cavalry
53:43 Hussar
58:56 Caravan
64:47 Two-Man Saw
Medina90
6:09 Loom
9:12 Feudal Age
10:11 Double-Bit Axe
13:52 Horse Collar
20:18 Castle Age
22:37 Wheelbarrow
24:20 Bow Saw
26:11 Heavy Plow
26:08 Gold Mining
26:13 Stone Mining
32:08 Fletching
32:19 Padded Archer Armor
34:19 Forging
34:04 Bodkin Arrow
34:25 Leather Archer Armor
38:04 Imperial Age
37:02 Ballistics
37:42 Elite Skirmisher
39:31 Conscription
39:15 Onager
41:49 Bracer
43:29 Hand Cart
42:59 Town Watch
46:33 Chemistry
53:45 Elite Genoese Crossbowman
55:48 Caravan
58:51 Pirotechnia
63:43 Ring Archer Armor
LVL 18 Pidgey
12:03 Feudal Age
11:11 Loom
16:44 Castle Age
15:28 Double-Bit Axe
15:24 Horse Collar
17:02 Forging
25:40 Scale Mail Armor
26:21 Stone Mining
28:20 Fletching
29:09 Wheelbarrow
29:43 Iron Casting
29:23 Chain Mail Armor
29:12 Squires
28:58 Gambesons
30:33 Heavy Plow
30:25 Gold Mining
32:03 Hand Cart
32:14 Chain Mail Armor
36:12 Imperial Age
35:09 Gold Shaft Mining
35:23 Masonry
35:24 Arson
36:06 Bow Saw
36:36 Stone Shaft Mining
36:23 Murder Holes
36:14 Elite Jomsviking
37:24 Conscription
39:34 Plate Mail Armor
42:41 Blast Furnace
41:32 Elite Varangian Guard
44:11 Onager
53:28 Caravan
53:56 Siege Engineers
54:14 Ballistics
54:57 Chemistry
54:05 Siege Onager
57:59 Pikeman
59:55 Halberdier
67:26 Northmen's Fury
LanaAio
7:09 Loom
9:41 Feudal Age
10:22 Double-Bit Axe
15:04 Fletching
18:34 Padded Archer Armor
22:19 Horse Collar
26:54 Castle Age
25:10 Gold Mining
26:59 Crossbowman
28:02 Bodkin Arrow
33:17 Ballistics
35:49 Wheelbarrow
39:22 Imperial Age
39:08 Leather Archer Armor
40:06 Arbalester
42:52 Bracer
65:40 Hand Cart
Connection lost

Rejoining the realm…

Still unreachable

The connection could not be restored.

Session expired

The server has moved on; the page needs a fresh start.